 Dungeon Crawl Stone Soup version 0.22-a0-538-g76cc104 (webtiles) character file.

72 kae the Insei (level 4, 0/32 HPs)
             Began as a Demonspawn Transmuter on June 23, 2018.
             Succumbed to a kobold's poison
             ... on level 3 of the Dungeon.
             The game lasted 00:02:29 (1989 turns).

kae the Insei (Demonspawn Transmuter)               Turns: 1989, Time: 00:02:30

Health: 0/32       AC:  4    Str: 10    XL:     4   Next: 7%
Magic:  3/7        EV: 12    Int: 15    God:
Gold:   151        SH:  0    Dex: 14    Spells: 1/7 levels left

rFire    + . .     SeeInvis .   f - +1 short sword (speed)
rCold    + . .     Gourm    .   (no shield)
rNeg     . . .     Faith    .   b - +0 robe
rPois    .         Spirit   .   (helmet restricted)
rElec    .         Reflect  .   (no cloak)
rCorr    .         Harm     .   c - +1 pair of gloves
MR       .....                  (no boots)
Stlth    +.........             (no amulet)
HPRegen  0.10/turn              (no ring)
MPRegen  0.10/turn              (no ring)

@: lethally poisoned (0 -> -13), flying, very slightly contaminated
A: antennae 1, hooves 2, cold resistance 1, fire resistance 1, powered by pain 1
a: no special abilities


You were on level 3 of the Dungeon.
You were near starving.

You visited 1 branch of the dungeon, and saw 3 of its levels.

You collected 151 gold pieces.

Inventory:

Hand Weapons
 f - a +1 short sword of speed (weapon)
Missiles
 a - 36 arrows
Armour
 b - a +0 robe (worn)
 c - a +1 pair of gloves (worn)
Jewellery
 j - an uncursed ring of see invisible
Scrolls
 e - a scroll of noise
Comestibles
 d - 2 rations


   Skills:
 + Level 1.6 Fighting
 - Level 1.7 Dodging
 * Level 3.4 Unarmed Combat
 + Level 2.4 Spellcasting
 * Level 2.7 Transmutations


You had one spell level left.
You knew the following spells:

 Your Spells              Type           Power        Failure   Level  Hunger
a - Beastly Appendage     Tmut           ##....       7%          1    #......
b - Sticks to Snakes      Tmut           ##......     11%         2    ###....
c - Spider Form           Tmut/Pois      #.........   36%         3    ###....

Your spell library contained the following spells:

 Spells                   Type           Power        Failure   Level  Hunger
 Blade Hands              Tmut           ##........   88%         5    ######.
 Ice Form                 Ice/Tmut       #.......     77%         4    #####..


Dungeon Overview and Level Annotations

Branches:
Dungeon (3/15)

Altars:
Ashenzari
Kikubaaqudgha


Innate Abilities, Weirdness & Mutations

You have hoof-like feet.
You sometimes gain a little power by taking damage.
You have a pair of small antennae on your head.
Your flesh is cold resistant. (rC+)
Your flesh is heat resistant. (rF+)


Message History

The poisoned needle barely misses you.
The poisoned needle hits the adder.
The adder is poisoned.
The adder barely misses you.
* * * LOW HITPOINT WARNING * * *
You feel sick.
The kobold shoots a poisoned needle.
The poisoned needle closely misses you.
The poisoned needle barely misses the jackal.
The poisoned needle hits the adder!
The adder looks even sicker.
The orc misses you. The jackal bites you.
* * * LOW HITPOINT WARNING * * *
* * * LOW HITPOINT WARNING * * *
You feel sick.
The giant cockroach waves its antennae.
The bat misses you.
The kobold shoots a poisoned needle.
The poisoned needle closely misses you.
The poisoned needle closely misses the bat.
* * * LOW HITPOINT WARNING * * *
You feel sick. The bat hits you but does no damage. The orc misses you.
* * * LOW HITPOINT WARNING * * *
You feel sick.
You die...

. #.......... #.
#......... ###.#####
#........ #.....$...#
#......#
..#.[....###......# ...
#........#.K......#
...###..K.#..#.K#..<...##
.%).........b..#........##
...K.....###.#h.@........#
...#......osSho..#.#...#.#
...w.....(.#..#.(..#.#.#
..
...#.....#.r....####.#o# .
#.#....(g.....## .# #
#.....w.####...# .#
#.#..(J.# ##..# # #...J.#
#..# #....w# #†##


You could see an adder, 2 orcs, 2 jackals, a giant cockroach, a goblin, a bat, a
kobold and a rat.

Vanquished Creatures
  2 adders (D:2)
  An ooze (D:2)
  2 worms (D:2)
  2 dart slugs
  2 leopard geckos (D:2)
  A ball python (D:2)
  A giant cockroach (D:2)
  2 goblins (D:2)
  2 hobgoblins (D:2)
  2 jackals (D:3)
  5 kobolds
  A quokka (D:2)
  3 bats (D:1)
  4 frilled lizards
  10 rats
40 creatures vanquished.

Vanquished Creatures (collateral kills)
  A bat (D:3)
1 creature vanquished.

Grand Total: 41 creatures vanquished

Notes
Turn   | Place    | Note
-------+----------+-------------------------------------------
     0 | D:1      | kae the Demonspawn Transmuter began the quest for the Orb.
     0 | D:1      | Reached XP level 1. HP: 15/15 MP: 3/3
   305 | D:1      | Gained mutation: You sometimes gain a little power by taking damage. [demonic ancestry]
   305 | D:1      | Reached XP level 2. HP: 21/21 MP: 5/5
   553 | D:1      | Reached skill level 3 in Unarmed Combat
   786 | D:2      | Reached XP level 3. HP: 22/26 MP: 6/6
  1153 | D:2      | Found a shattered altar of Ashenzari.
  1581 | D:2      | Found an ancient bone altar of Kikubaaqudgha.
  1886 | D:2      | Gained mutation: You have large cloven feet. [demonic ancestry]
  1886 | D:2      | Reached XP level 4. HP: 31/32 MP: 7/7
  1925 | D:2      | Learned a level 2 spell: Sticks to Snakes
  1929 | D:2      | Learned a level 3 spell: Spider Form
  1949 | D:3      | Gained mutation: Your flesh is cold resistant. (rC+) [potion of mutation]
  1949 | D:3      | Gained mutation: You have hoof-like feet. [potion of mutation]
  1949 | D:3      | Gained mutation: Your flesh is heat resistant. (rF+) [potion of mutation]
  1949 | D:3      | Gained mutation: You have a pair of small antennae on your head. [potion of mutation]
  1988 | D:3      | HP: 1/32 [poisoned by a kobold]
  1989 | D:3      | Succumbed to a kobold's poison

Vault maps used:
D:1:      dpeg_arrival_orchard
D:2:      gammafunk_temple_overflow_wave
D:3:      nicolae_ru_the_path_less_chosen

Skill      XL: |  1  2 |
---------------+-------+-----
Transmutations | 2 |  2.7
Unarmed Combat | 3 |  3.4
Fighting       | |  1.6
Dodging        | |  1.7
Spellcasting   | |  2.4

Action                   |  1- 3 |  4- 6 || total
-------------------------+-------+-------++-------
Melee: Unarmed           |    66 |       ||    66
       Kick              |     6 |     1 ||     7
       Short sword       |    62 |    14 ||    76
       Punch             |     1 |       ||     1
 Cast: Beastly Appendage |     9 |       ||     9
       Sticks to Snakes  |       |     3 ||     3
  Use: Potion            |       |     3 ||     3
       Scroll            |       |     2 ||     2
 Stab: Sleeping          |     3 |       ||     3
  Eat: Chunk             |     2 |       ||     2
Armor: Robe              |    28 |    16 ||    44
Dodge: Dodged            |    57 |    51 ||   108

Table legend:
 A = Spawn XP
 B = Non-spawn XP
 C = Spawn XP percentage of total XP
 D = Spawn monster count
 E = Non-spawn monster count
 F = Spawn count percentage of total count
 G = Total turns spent on level
                    A         B        C        D         E        F      G
               +---------+---------+-------+---------+---------+-------+---------
         Total |       0 |     104 |   0.0 |       0 |      41 |   0.0 |  1989
               +---------+---------+-------+---------+---------+-------+---------
           D:1 |       0 |      19 |   0.0 |       0 |      14 |   0.0 |   699
           D:2 |       0 |      80 |   0.0 |       0 |      24 |   0.0 |  1228
           D:3 |       0 |       5 |   0.0 |       0 |       3 |   0.0 |    62
               +---------+---------+-------+---------+---------+-------+---------
